Tampa Bay Lightning vs Chicago Black Hawks

Created - Wednesday, August 6, 2025 at 08:04

Goals
1 2 3 T
Tampa Bay Lightning 1 3 1 5
Chicago Black Hawks 0 1 0 1
Shots
1 2 3 T
Tampa Bay Lightning 7 15 9 31
Chicago Black Hawks 6 10 12 28

1st period

1. Tampa Bay Lightning , Travis Konecny 1 (Roope Hintz 1) at 0:04

Penalties :
No Penalty

2nd period

2. Tampa Bay Lightning , Kirill Kaprizov 3 (Claude Giroux 3) at 3:59
3. Tampa Bay Lightning , Moritz Seider 1 (Travis Konecny 2, Roope Hintz 2) at 10:39
4. Tampa Bay Lightning , Kirill Kaprizov 4 (Filip Forsberg 1, Claude Giroux 4) at 15:55 (PP)
5. Chicago Black Hawks , Barrett Hayton 3 (Trevor Zegras 3) at 19:11

Penalties :
Jamie Benn (TBL) for Hooking (Minor) at 1:29, Brett Howden (CHI) for Tripping (Minor) at 12:09, David Jiricek (CHI) for Interference (Minor) at 14:25, Barrett Hayton (CHI) for Slashing (Minor) at 15:12, Michael Matheson (TBL) for Cross-checking (Minor) at 16:39

3rd period

6. Tampa Bay Lightning , Filip Forsberg 1 (Anze Kopitar 1, Trevor Moore 1) at 9:59

Penalties :
Noah Cates (CHI) for Cross-checking (Minor) at 2:58, Michael Matheson (TBL) for Holding (Minor) at 3:25, Ben Chiarot (TBL) for Delaying the game (Minor) at 14:21

Goalie Stats

Darcy Kuemper (TBL), 27 saves from 28 shots - (0.964), W, 2-0-0, 60:00 minutes
Filip Gustavsson (CHI), 26 saves from 31 shots - (0.839), L, 1-1-0, 60:00 minutes

Players Stats for Tampa Bay Lightning

Player Name              G  A  P  +/- PIM S  H  SB GA TA FO     MP     PP MP  PK MP  
------------------------------------------------------------------------------------
Anze Kopitar             0  1  1   1  0   0  1  0  0  0  7/14   18:23   2:14   2:50 
Ben Chiarot              0  0  0   1  2   1  1  1  0  1  0/0    20:39   0:00   2:08 
Claude Giroux            0  2  2   0  0   3  2  2  0  0  10/19  19:08   2:26   2:46 
Darnell Nurse            0  0  0   2  0   0  1  1  0  0  0/0    19:49   1:52   1:55 
Dmitry Orlov             0  0  0   0  0   0  2  1  0  0  0/0    17:22   1:52   0:29 
Dylan Cozens             0  0  0   2  0   3  2  1  0  1  0/0    12:31   0:00   0:00 
Filip Forsberg           1  1  2   1  0   2  1  0  2  0  0/1    15:55   2:26   0:10 
Gustav Nyquist           0  0  0   0  0   2  1  0  0  0  0/0     9:43   0:00   0:03 
Hampus Lindholm          0  0  0   0  0   1  2  0  0  0  0/0    17:13   0:00   2:46 
Jamie Benn               0  0  0   0  2   2  2  0  0  0  1/2    12:50   0:00   0:00 
Jason Dickinson          0  0  0   0  0   2  2  0  0  0  0/4    12:06   0:00   2:53 
Jonathan Huberdeau       0  0  0   1  0   0  1  0  0  0  0/2    12:19   0:00   0:00 
Kirill Kaprizov          2  0  2   0  0   5  0  0  1  0  0/0    15:11   2:26   0:00 
Michael Matheson         0  0  0   1  4   0  1  0  0  1  0/0    22:44   2:46   1:55 
Moritz Seider            1  0  1   2  0   3  0  3  1  0  0/0    22:42   2:48   2:31 
Roope Hintz              0  2  2   2  0   3  0  0  1  0  8/14   14:45   2:14   0:00 
Travis Konecny           1  1  2   2  0   3  0  2  1  0  0/0    16:37   2:14   0:17 
Trevor Moore             0  1  1   0  0   1  0  0  0  0  0/1    12:03   0:00   2:45 

Players Stats for Chicago Black Hawks

Player Name              G  A  P  +/- PIM S  H  SB GA TA FO     MP     PP MP  PK MP  
------------------------------------------------------------------------------------
Barrett Hayton           1  0  1   1  2   2  1  2  0  0  16/22  19:53   3:15   1:34 
Bobby Brink              0  0  0   0  0   2  3  0  0  0  0/0    13:03   0:00   0:00 
Brett Howden             0  0  0  -1  2   0  0  0  0  0  0/0     7:37   0:00   0:00 
Christopher Tanev        0  0  0  -2  0   2  1  1  0  0  0/0    24:26   2:47   2:22 
Cole Sillinger           0  0  0   0  0   0  0  0  0  0  0/0     3:13   0:14   0:00 
David Jiricek            0  0  0  -1  2   1  0  0  0  0  0/0    14:48   0:00   0:00 
Jonas Brodin             0  0  0  -1  0   2  1  1  0  1  0/0    15:07   0:00   0:00 
Justin Faulk             0  0  0  -2  0   2  1  0  0  0  0/0    24:44   2:47   2:22 
Leo Carlsson             0  0  0  -3  0   6  4  1  1  1  6/16   18:28   2:34   2:19 
Lucas Raymond            0  0  0  -4  0   2  3  1  0  0  3/7    22:59   2:34   2:06 
Matthew Beniers          0  0  0   0  0   4  0  0  0  1  4/4    13:03   0:00   0:00 
Morgan Frost             0  0  0  -1  0   0  1  0  0  0  2/2     8:06   0:00   0:28 
Noah Cates               0  0  0   0  2   0  2  0  0  0  0/0    13:17   0:15   0:00 
Noah Dobson              0  0  0   0  0   0  2  0  0  1  0/0    20:27   3:05   2:18 
Oliver Bjorkstrand       0  0  0  -3  0   1  1  2  0  0  0/3    18:34   3:00   1:57 
Ryan Lindgren            0  0  0   0  0   1  0  4  0  2  0/0    20:27   3:05   2:18 
Simon Holmstrom          0  0  0   1  0   1  1  1  1  0  0/1    17:01   2:52   0:00 
Trevor Zegras            0  1  1   1  0   2  3  0  1  0  0/2    17:16   2:52   0:12 

3 Stars

1 - Travis Konecny (TBL)
2 - Kirill Kaprizov (TBL)
3 - Filip Forsberg (TBL)

Power Play

Tampa Bay Lightning - 1 on 4 Attempt(s) - 25.00%
Chicago Black Hawks - 0 on 4 Attempt(s) - 0.00%

Penalty Kill

Tampa Bay Lightning - 4 on 4 Attempt(s) - 100.00% - Score 0 goal in Penalty Kill
Chicago Black Hawks - 3 on 4 Attempt(s) - 75.00% - Score 0 goal in Penalty Kill

Team Stat

Tampa Bay Lightning - Hits : 19 - Faceoff Wins : 26 - Blocked Shots : 11 - Penalty Minutes : 8
Chicago Black Hawks - Hits : 24 - Faceoff Wins : 31 - Blocked Shots : 13 - Penalty Minutes : 8

Official

Referees : Brandon Blandina and Carter Sandlak
Linesman : Jonny Murray

Game Notes

No Game Note

Finance

Level 1 -- Attendance: 4474 (74.57%) -- Ticket Income $447,400
Level 2 -- Attendance: 3519 (70.38%) -- Ticket Income $211,140
Level 3 -- Attendance: 2316 (77.20%) -- Ticket Income $81,060
Level 4 -- Attendance: 3864 (77.28%) -- Ticket Income $96,600
Luxury Box -- Attendance: 819 (81.90%) -- Ticket Income $163,800
Game was played at the United Center.
Total Attendance: 14992 (74.96%)
Total Ticket Income: $1,000,000
Other Income: $350,000
Total Income: $1,350,000

Tampa Bay Lightning

5 vs 5 Forward 
   Center                   Left Wing                Right Wing               Time % Phy DF OF 
 1 Roope Hintz              Travis Konecny           Dylan Cozens             30     1   2  2  
 2 Anze Kopitar             Filip Forsberg           Jonathan Huberdeau       30     1   2  2  
 3 Claude Giroux            Jamie Benn               Kirill Kaprizov          30     1   2  2  
 4 Jason Dickinson          Trevor Moore             Gustav Nyquist           10     1   2  2  

5 vs 5 Defense 
   Defense                  Defense                                           Time % Phy DF OF 
 1 Moritz Seider            Darnell Nurse                                     35     1   2  2  
 2 Michael Matheson         Ben Chiarot                                       35     1   2  2  
 3 Dmitry Orlov             Hampus Lindholm                                   30     1   2  2  
 4 Moritz Seider            Michael Matheson                                  0      1   2  2  

PowerPlay Forward 
   Center                   Left Wing                Right Wing               Time % Phy DF OF 
 1 Claude Giroux            Kirill Kaprizov          Filip Forsberg           50     1   2  2  
 2 Anze Kopitar             Travis Konecny           Roope Hintz              50     1   2  2  

PowerPlay Defense
   Defense                  Defense                                           Time % Phy DF OF 
 1 Michael Matheson         Moritz Seider                                     50     1   2  2  
 2 Dmitry Orlov             Darnell Nurse                                     50     1   2  2  

Penalty Kill 4 Players Forward 
   Center                   Wing                     Time % Phy DF OF 
 1 Anze Kopitar             Jason Dickinson          50     1   2  2  
 2 Claude Giroux            Trevor Moore             50     1   2  2  

Penalty Kill 4 Players Defense
   Defense                  Defense                  Time % Phy DF OF 
 1 Michael Matheson         Ben Chiarot              50     1   2  2  
 2 Moritz Seider            Hampus Lindholm          50     1   2  2  

Penalty Kill - 3 Players Forward 
   Forward                                           Time % Phy DF OF 
 1 Anze Kopitar                                      50     1   2  2  
 2 Claude Giroux                                     50     1   2  2  

Penalty Kill - 3 Players Defense
   Defense                  Defense                  Time % Phy DF OF 
 1 Michael Matheson         Ben Chiarot              50     1   2  2  
 2 Moritz Seider            Hampus Lindholm          50     1   2  2  

4 vs 4 Forward 
   Center                   Wing                     Time % Phy DF OF 
 1 Claude Giroux            Travis Konecny           50     1   2  2  
 2 Anze Kopitar             Filip Forsberg           50     1   2  2  

4 vs 4 Defense
   Defense                  Defense                  Time % Phy DF OF 
 1 Michael Matheson         Ben Chiarot              50     1   2  2  
 2 Moritz Seider            Darnell Nurse            50     1   2  2  

Last Minutes Offensive
   Center                   Left Wing                Right Wing               Defense                  Defense                  
   Claude Giroux            Kirill Kaprizov          Filip Forsberg           Michael Matheson         Moritz Seider            

Last Minutes Defensive
   Center                   Left Wing                Right Wing               Defense                  Defense                  
   Anze Kopitar             Travis Konecny           Jason Dickinson          Michael Matheson         Moritz Seider            

Goaltenders
Starting : Darcy Kuemper            
Backup : Jeremy Swayman           

Extra Forwards
Normal : Anze Kopitar, Roope Hintz, Claude Giroux - PP : Jonathan Huberdeau, Trevor Moore - PK : Travis Konecny
Extra Defensemen
Normal : Michael Matheson, Moritz Seider, Hampus Lindholm - PP : Hampus Lindholm - PK : Darnell Nurse, Dmitry Orlov
Penalty Shots
Trevor Moore, Filip Forsberg, Kirill Kaprizov, Gustav Nyquist, Jonathan Huberdeau

Scratches
None

Chicago Black Hawks

5 vs 5 Forward 
   Center                   Left Wing                Right Wing               Time % Phy DF OF 
 1 Leo Carlsson             Lucas Raymond            Oliver Bjorkstrand       30     1   2  2  
 2 Barrett Hayton           Simon Holmstrom          Trevor Zegras            30     1   2  2  
 3 Matthew Beniers          Noah Cates               Bobby Brink              25     1   2  2  
 4 Morgan Frost             Brett Howden             Lucas Raymond            15     1   2  2  

5 vs 5 Defense 
   Defense                  Defense                                           Time % Phy DF OF 
 1 Justin Faulk             Christopher Tanev                                 30     1   2  2  
 2 Noah Dobson              Ryan Lindgren                                     30     1   2  2  
 3 Jonas Brodin             David Jiricek                                     25     1   2  2  
 4 Justin Faulk             Christopher Tanev                                 15     1   2  2  

PowerPlay Forward 
   Center                   Left Wing                Right Wing               Time % Phy DF OF 
 1 Leo Carlsson             Lucas Raymond            Oliver Bjorkstrand       50     1   2  2  
 2 Barrett Hayton           Simon Holmstrom          Trevor Zegras            50     1   2  2  

PowerPlay Defense
   Defense                  Defense                                           Time % Phy DF OF 
 1 Justin Faulk             Christopher Tanev                                 50     1   2  2  
 2 Noah Dobson              Ryan Lindgren                                     50     1   2  2  

Penalty Kill 4 Players Forward 
   Center                   Wing                     Time % Phy DF OF 
 1 Lucas Raymond            Leo Carlsson             50     1   2  2  
 2 Barrett Hayton           Oliver Bjorkstrand       50     1   2  2  

Penalty Kill 4 Players Defense
   Defense                  Defense                  Time % Phy DF OF 
 1 Justin Faulk             Christopher Tanev        50     1   2  2  
 2 Noah Dobson              Ryan Lindgren            50     1   2  2  

Penalty Kill - 3 Players Forward 
   Forward                                           Time % Phy DF OF 
 1 Lucas Raymond                                     50     1   2  2  
 2 Leo Carlsson                                      50     1   2  2  

Penalty Kill - 3 Players Defense
   Defense                  Defense                  Time % Phy DF OF 
 1 Justin Faulk             Christopher Tanev        50     1   2  2  
 2 Noah Dobson              Ryan Lindgren            50     1   2  2  

4 vs 4 Forward 
   Center                   Wing                     Time % Phy DF OF 
 1 Lucas Raymond            Leo Carlsson             50     1   2  2  
 2 Barrett Hayton           Oliver Bjorkstrand       50     1   2  2  

4 vs 4 Defense
   Defense                  Defense                  Time % Phy DF OF 
 1 Justin Faulk             Christopher Tanev        50     1   2  2  
 2 Noah Dobson              Ryan Lindgren            50     1   2  2  

Last Minutes Offensive
   Center                   Left Wing                Right Wing               Defense                  Defense                  
   Leo Carlsson             Lucas Raymond            Oliver Bjorkstrand       Justin Faulk             Christopher Tanev        

Last Minutes Defensive
   Center                   Left Wing                Right Wing               Defense                  Defense                  
   Leo Carlsson             Lucas Raymond            Oliver Bjorkstrand       Justin Faulk             Christopher Tanev        

Goaltenders
Starting : Filip Gustavsson         
Backup : Adin Hill                

Extra Forwards
Normal : Cole Sillinger, Matthew Beniers, Morgan Frost - PP : Cole Sillinger, Matthew Beniers - PK : Morgan Frost
Extra Defensemen
Normal : Jonas Brodin, David Jiricek, Noah Dobson - PP : Jonas Brodin - PK : David Jiricek, Noah Dobson
Penalty Shots
Lucas Raymond, Leo Carlsson, Barrett Hayton, Oliver Bjorkstrand, Simon Holmstrom

Scratches
Joseph Veleno (Healthy), Simon Nemec (Healthy), Eeli Tolvanen (Healthy), Antonio Stranges (Healthy), Jesper Wallstedt (Healthy)

% Time on Ice - Tampa Bay Lightning

Lines # - Real PCT - Wanted PCT - Time Play
Normal Forward
1 - 27% - 30% - 12:56
2 - 26% - 30% - 12:32
3 - 27% - 30% - 12:45
4 - 19% - 10% - 9:11
Normal Defense
1 - 33% - 35% - 15:39
2 - 36% - 35% - 17:08
3 - 27% - 30% - 13:00
4 - 3% - 0% - 1:37
PP Forward
1 - 52% - 50% - 2:26
2 - 48% - 50% - 2:14
PP Defense
1 - 60% - 50% - 2:48
2 - 40% - 50% - 1:52
PK Forward
1 - 50% - 50% - 2:56
2 - 50% - 50% - 2:56
PK Defense
1 - 57% - 50% - 3:21
2 - 43% - 50% - 2:31
PK3 Forward
1 - 0% - 50%
2 - 0% - 50%
PK3 Defense
1 - 0% - 50%
2 - 0% - 50%
44 Forward
1 - 52% - 50% - 1:04
2 - 48% - 50% - 1:00
44 Defense
1 - 68% - 50% - 1:24
2 - 32% - 50% - 0:40
Last Minute Offensive  - 0:00
Last Minute Defensive  - 0:00
Total
Forward - 60:00
Defense - 60:00

% Time on Ice - Chicago Black Hawks

Lines # - Real PCT - Wanted PCT - Time Play
Normal Forward
1 - 27% - 30% - 12:34
2 - 30% - 30% - 14:12
3 - 28% - 25% - 13:03
4 - 16% - 15% - 7:35
Normal Defense
1 - 30% - 30% - 14:02
2 - 29% - 30% - 13:46
3 - 31% - 25% - 14:36
4 - 11% - 15% - 5:00
PP Forward
1 - 44% - 50% - 2:34
2 - 56% - 50% - 3:18
PP Defense
1 - 47% - 50% - 2:47
2 - 53% - 50% - 3:05
PK Forward
1 - 47% - 50% - 1:51
2 - 53% - 50% - 2:06
PK Defense
1 - 42% - 50% - 1:39
2 - 58% - 50% - 2:18
PK3 Forward
1 - 35% - 50% - 0:15
2 - 65% - 50% - 0:28
PK3 Defense
1 - 100% - 50% - 0:43
2 - 0% - 50% - 0:00
44 Forward
1 - 49% - 50% - 1:01
2 - 51% - 50% - 1:03
44 Defense
1 - 37% - 50% - 0:46
2 - 63% - 50% - 1:18
Last Minute Offensive  - 0:00
Last Minute Defensive  - 0:00
Total
Forward - 60:00
Defense - 60:00

Play-by-Play

1st period


0:01 of 1st period - Roope Hintz wins face-off versus Leo Carlsson in neutral zone.
0:04 of 1st period - Snap shot by Travis Konecny.
0:04 of 1st period - Goal by Travis Konecny - Tampa Bay Lightning : 1 - Chicago Black Hawks : 0.
0:05 of 1st period - Barrett Hayton wins face-off versus Anze Kopitar in neutral zone.
0:08 of 1st period - Slapshot by Barrett Hayton.
0:08 of 1st period - Stopped by Darcy Kuemper with a rebound.
0:10 of 1st period - Snap shot by Ryan Lindgren.
0:10 of 1st period - Deflect By Anze Kopitar.
0:10 of 1st period - Stopped by Darcy Kuemper without a rebound.
0:11 of 1st period - Barrett Hayton wins face-off versus Jonathan Huberdeau in Tampa Bay Lightning zone.
1:31 of 1st period - Slapshot by Filip Forsberg.
1:31 of 1st period - Stopped by Filip Gustavsson with a rebound.
1:44 of 1st period - Icing by Trevor Zegras.
1:45 of 1st period - Claude Giroux wins face-off versus Barrett Hayton in Chicago Black Hawks zone.
2:16 of 1st period - Snap shot by Simon Holmstrom.
2:16 of 1st period - Stopped by Darcy Kuemper without a rebound.
2:17 of 1st period - Roope Hintz wins face-off versus Leo Carlsson in Tampa Bay Lightning zone.
2:28 of 1st period - Snap shot by Travis Konecny.
2:28 of 1st period - Shot Blocked by Oliver Bjorkstrand.
2:30 of 1st period - Slapshot by Travis Konecny.
2:30 of 1st period - Shot Hit the Post.
2:34 of 1st period - Slapshot by Roope Hintz.
2:34 of 1st period - Shot Misses the Net.
4:43 of 1st period - Matthew Beniers is hit by Jamie Benn and loses puck.
4:50 of 1st period - Claude Giroux is hit by Noah Cates and loses puck.
6:21 of 1st period - Filip Forsberg is hit by Leo Carlsson and loses puck.
6:40 of 1st period - Christopher Tanev is hit by Hampus Lindholm and loses puck.
7:25 of 1st period - Leo Carlsson is hit by Gustav Nyquist.
7:35 of 1st period - Trevor Zegras is hit by Filip Forsberg and loses puck.
8:09 of 1st period - Jason Dickinson is hit by Justin Faulk and loses puck.
8:36 of 1st period - Slapshot by Travis Konecny.
8:36 of 1st period - Shot Blocked by Barrett Hayton.
8:42 of 1st period - Roope Hintz is hit by Trevor Zegras and loses puck.
9:19 of 1st period - Cole Sillinger is hit by Jonathan Huberdeau and loses puck.
9:38 of 1st period - Michael Matheson is hit by Bobby Brink and loses puck.
10:05 of 1st period - Michael Matheson is hit by Oliver Bjorkstrand and loses puck.
10:28 of 1st period - Snap shot by Roope Hintz.
10:28 of 1st period - Stopped by Filip Gustavsson with a rebound.
10:30 of 1st period - Wrist shot by Dylan Cozens.
10:30 of 1st period - Stopped by Filip Gustavsson with a rebound.
11:00 of 1st period - Matthew Beniers is hit by Jason Dickinson and loses puck.
11:45 of 1st period - Dmitry Orlov is hit by Trevor Zegras and loses puck.
12:12 of 1st period - Dylan Cozens is hit by Leo Carlsson and loses puck.
12:24 of 1st period - Icing by Moritz Seider.
12:25 of 1st period - Barrett Hayton wins face-off versus Filip Forsberg in Tampa Bay Lightning zone.
12:36 of 1st period - Noah Cates is hit by Darnell Nurse.
13:21 of 1st period - Michael Matheson is hit by Lucas Raymond and loses puck.
13:40 of 1st period - Snap shot by Jamie Benn.
13:40 of 1st period - Shot Blocked by Ryan Lindgren.
13:42 of 1st period - Snap shot by Claude Giroux.
13:42 of 1st period - Stopped by Filip Gustavsson without a rebound.
13:43 of 1st period - Roope Hintz wins face-off versus Trevor Zegras in Chicago Black Hawks zone.
14:33 of 1st period - Jason Dickinson is hit by Bobby Brink and loses puck.
15:24 of 1st period - Snap shot by Gustav Nyquist.
15:24 of 1st period - Stopped by Filip Gustavsson without a rebound.
15:25 of 1st period - Leo Carlsson wins face-off versus Trevor Moore in Chicago Black Hawks zone.
15:32 of 1st period - Moritz Seider is hit by Lucas Raymond and loses puck.
16:00 of 1st period - Off-side.
16:01 of 1st period - Roope Hintz wins face-off versus Barrett Hayton in neutral zone.
16:20 of 1st period - Dmitry Orlov is hit by Simon Holmstrom and loses puck.
16:39 of 1st period - Claude Giroux is hit by Lucas Raymond and loses puck.
16:44 of 1st period - Snap shot by Lucas Raymond.
16:44 of 1st period - Shot Misses the Net.
16:46 of 1st period - Slapshot by Oliver Bjorkstrand.
16:46 of 1st period - Shot Blocked by Dmitry Orlov.
16:56 of 1st period - Hampus Lindholm is hit by Noah Cates and loses puck.
18:08 of 1st period - Off-side.
18:09 of 1st period - Barrett Hayton wins face-off versus Jonathan Huberdeau in neutral zone.
18:24 of 1st period - Slapshot by Trevor Zegras.
18:24 of 1st period - Stopped by Darcy Kuemper with a rebound.
19:01 of 1st period - Snap shot by Jason Dickinson.
19:01 of 1st period - Stopped by Filip Gustavsson without a rebound.
19:02 of 1st period - Matthew Beniers wins face-off versus Jason Dickinson in Chicago Black Hawks zone.
19:15 of 1st period - Wrist shot by Bobby Brink.
19:15 of 1st period - Shot Blocked by Moritz Seider.
19:29 of 1st period - Icing by Travis Konecny.
19:30 of 1st period - Lucas Raymond wins face-off versus Roope Hintz in Tampa Bay Lightning zone.
19:37 of 1st period - Snap shot by Leo Carlsson.
19:37 of 1st period - Stopped by Darcy Kuemper with a rebound.
19:39 of 1st period - Wrist shot by Leo Carlsson.
19:39 of 1st period - Stopped by Darcy Kuemper without a rebound.
19:40 of 1st period - Jamie Benn wins face-off versus Leo Carlsson in Tampa Bay Lightning zone.
19:51 of 1st period - Off-side.
19:52 of 1st period - Roope Hintz wins face-off versus Oliver Bjorkstrand in neutral zone.
19:55 of 1st period - Wrist shot by Dylan Cozens.
19:55 of 1st period - Shot Misses the Net.
Goals for this period are 1 for Tampa Bay Lightning vs 0 for Chicago Black Hawks.
Shots for this period are 7 for Tampa Bay Lightning vs 6 for Chicago Black Hawks.

2nd period


0:01 of 2nd period - Leo Carlsson wins face-off versus Claude Giroux in neutral zone.
0:04 of 2nd period - Claude Giroux is hit by Leo Carlsson and loses puck.
0:13 of 2nd period - Wrist shot by Leo Carlsson.
0:13 of 2nd period - Stopped by Darcy Kuemper with a rebound.
0:15 of 2nd period - Snap shot by Oliver Bjorkstrand.
0:15 of 2nd period - Shot Blocked by Ben Chiarot.
0:25 of 2nd period - Christopher Tanev is hit by Dylan Cozens and loses puck.
0:50 of 2nd period - Slapshot by Matthew Beniers.
0:50 of 2nd period - Shot Misses the Net.
1:06 of 2nd period - Snap shot by Matthew Beniers.
1:06 of 2nd period - Stopped by Darcy Kuemper with a rebound.
1:29 of 2nd period - Minor Penalty to Jamie Benn for Hooking.
1:30 of 2nd period - Barrett Hayton wins face-off versus Anze Kopitar in Tampa Bay Lightning zone.
1:42 of 2nd period - Claude Giroux is hit by Noah Dobson and loses puck.
3:29 of 2nd period - Penalty to Jamie Benn is over, Jamie Benn is back on ice.
3:37 of 2nd period - Icing by Hampus Lindholm.
3:38 of 2nd period - Matthew Beniers wins face-off versus Roope Hintz in Tampa Bay Lightning zone.
3:41 of 2nd period - Snap shot by Noah Cates.
3:41 of 2nd period - Shot Blocked by Travis Konecny.
3:43 of 2nd period - Snap shot by Bobby Brink.
3:43 of 2nd period - Stopped by Darcy Kuemper without a rebound.
3:44 of 2nd period - Matthew Beniers wins face-off versus Roope Hintz in Tampa Bay Lightning zone.
3:47 of 2nd period - Wrist shot by Matthew Beniers.
3:47 of 2nd period - Stopped by Darcy Kuemper with a rebound.
3:51 of 2nd period - Wrist shot by Matthew Beniers.
3:51 of 2nd period - Stopped by Darcy Kuemper without a rebound.
3:52 of 2nd period - Claude Giroux wins face-off versus Leo Carlsson in Tampa Bay Lightning zone.
3:59 of 2nd period - Snap shot by Kirill Kaprizov.
3:59 of 2nd period - Goal by Kirill Kaprizov - Tampa Bay Lightning : 2 - Chicago Black Hawks : 0.
4:00 of 2nd period - Leo Carlsson wins face-off versus Claude Giroux in neutral zone.
4:25 of 2nd period - Justin Faulk is hit by Dylan Cozens and loses puck.
5:03 of 2nd period - Icing by Noah Dobson.
5:04 of 2nd period - Morgan Frost wins face-off versus Jason Dickinson in Chicago Black Hawks zone.
5:32 of 2nd period - Moritz Seider is hit by Trevor Zegras and loses puck.
5:51 of 2nd period - Snap shot by Roope Hintz.
5:51 of 2nd period - Shot Misses the Net.
6:45 of 2nd period - Trevor Moore is hit by Morgan Frost.
6:46 of 2nd period - Icing by Trevor Moore.
6:47 of 2nd period - Barrett Hayton wins face-off versus Jason Dickinson in Tampa Bay Lightning zone.
7:12 of 2nd period - Darnell Nurse is hit by Christopher Tanev and loses puck.
7:27 of 2nd period - Slapshot by Gustav Nyquist.
7:27 of 2nd period - Stopped by Filip Gustavsson without a rebound.
7:28 of 2nd period - Barrett Hayton wins face-off versus Roope Hintz in Chicago Black Hawks zone.
7:34 of 2nd period - Off-side.
7:35 of 2nd period - Barrett Hayton wins face-off versus Roope Hintz in neutral zone.
7:46 of 2nd period - Snap shot by Travis Konecny.
7:46 of 2nd period - Shot Misses the Net.
7:48 of 2nd period - Snap shot by Travis Konecny.
7:48 of 2nd period - Shot Misses the Net.
7:50 of 2nd period - Wrist shot by Dylan Cozens.
7:50 of 2nd period - Stopped by Filip Gustavsson with a rebound.
7:52 of 2nd period - Slapshot by Dylan Cozens.
7:52 of 2nd period - Stopped by Filip Gustavsson with a rebound.
7:54 of 2nd period - Slapshot by Hampus Lindholm.
7:54 of 2nd period - Deflect By Travis Konecny.
7:54 of 2nd period - Shot Blocked by Ryan Lindgren.
7:54 of 2nd period - Puck is out of play.
7:55 of 2nd period - Leo Carlsson wins face-off versus Jamie Benn in Chicago Black Hawks zone.
7:55 of 2nd period - Leo Carlsson is hit by Claude Giroux.
8:51 of 2nd period - Bobby Brink is hit by Dmitry Orlov and loses puck.
10:18 of 2nd period - Barrett Hayton is hit by Jason Dickinson and loses puck.
10:33 of 2nd period - Slapshot by Travis Konecny.
10:33 of 2nd period - Stopped by Filip Gustavsson with a rebound.
10:35 of 2nd period - Slapshot by Moritz Seider.
10:35 of 2nd period - Shot Misses the Net.
10:37 of 2nd period - Wrist shot by Travis Konecny.
10:37 of 2nd period - Stopped by Filip Gustavsson with a rebound.
10:39 of 2nd period - Slapshot by Moritz Seider.
10:39 of 2nd period - Goal by Moritz Seider - Tampa Bay Lightning : 3 - Chicago Black Hawks : 0.
10:40 of 2nd period - Barrett Hayton wins face-off versus Claude Giroux in neutral zone.
10:51 of 2nd period - Snap shot by Jamie Benn.
10:51 of 2nd period - Stopped by Filip Gustavsson without a rebound.
10:52 of 2nd period - Claude Giroux wins face-off versus Leo Carlsson in Chicago Black Hawks zone.
10:57 of 2nd period - Wrist shot by Claude Giroux.
10:57 of 2nd period - Shot Misses the Net.
10:59 of 2nd period - Snap shot by Claude Giroux.
10:59 of 2nd period - Shot Hit the Post.
11:01 of 2nd period - Wrist shot by Kirill Kaprizov.
11:01 of 2nd period - Shot Misses the Net.
11:03 of 2nd period - Snap shot by Michael Matheson.
11:03 of 2nd period - Shot Blocked by Christopher Tanev.
11:05 of 2nd period - Wrist shot by Kirill Kaprizov.
11:05 of 2nd period - Stopped by Filip Gustavsson with a rebound.
11:07 of 2nd period - Snap shot by Ben Chiarot.
11:07 of 2nd period - Stopped by Filip Gustavsson with a rebound.
11:09 of 2nd period - Wrist shot by Claude Giroux.
11:09 of 2nd period - Shot Blocked by Oliver Bjorkstrand.
11:19 of 2nd period - Michael Matheson is hit by Barrett Hayton and loses puck.
12:09 of 2nd period - Minor Penalty to Brett Howden for Tripping.
12:10 of 2nd period - Claude Giroux wins face-off versus Lucas Raymond in Chicago Black Hawks zone.
12:24 of 2nd period - Snap shot by Leo Carlsson.
12:24 of 2nd period - Shot Misses the Net.
12:26 of 2nd period - Backhand shot by Christopher Tanev.
12:26 of 2nd period - Shot Blocked by Claude Giroux.
14:09 of 2nd period - Penalty to Brett Howden is over, Brett Howden is back on ice.
14:23 of 2nd period - Slapshot by Trevor Moore.
14:23 of 2nd period - Stopped by Filip Gustavsson with a rebound.
14:25 of 2nd period - Minor Penalty to David Jiricek for Interference.
14:26 of 2nd period - Claude Giroux wins face-off versus Oliver Bjorkstrand in Chicago Black Hawks zone.
14:43 of 2nd period - Snap shot by Leo Carlsson.
14:43 of 2nd period - Stopped by Darcy Kuemper without a rebound.
14:44 of 2nd period - Anze Kopitar wins face-off versus Barrett Hayton in Tampa Bay Lightning zone.
14:48 of 2nd period - Off-side.
14:49 of 2nd period - Anze Kopitar wins face-off versus Barrett Hayton in neutral zone.
14:56 of 2nd period - Slapshot by Roope Hintz.
14:56 of 2nd period - Shot Misses the Net.
14:58 of 2nd period - Snap shot by Roope Hintz.
14:58 of 2nd period - Shot Misses the Net.
15:12 of 2nd period - Minor Penalty to Barrett Hayton for Slashing.
15:13 of 2nd period - Lucas Raymond wins face-off versus Claude Giroux in Chicago Black Hawks zone.
15:20 of 2nd period - Snap shot by Filip Forsberg.
15:20 of 2nd period - Shot Hit the Post.
15:22 of 2nd period - Slapshot by Moritz Seider.
15:22 of 2nd period - Deflect By Lucas Raymond.
15:22 of 2nd period - Stopped by Filip Gustavsson without a rebound.
15:23 of 2nd period - Claude Giroux wins face-off versus Lucas Raymond in Chicago Black Hawks zone.
15:36 of 2nd period - Christopher Tanev is hit by Michael Matheson and loses puck.
15:55 of 2nd period - Snap shot by Kirill Kaprizov.
15:55 of 2nd period - Goal by Kirill Kaprizov - Tampa Bay Lightning : 4 - Chicago Black Hawks : 0.
15:56 of 2nd period - Lucas Raymond wins face-off versus Anze Kopitar in neutral zone.
16:05 of 2nd period - Wrist shot by Leo Carlsson.
16:05 of 2nd period - Stopped by Darcy Kuemper with a rebound.
16:39 of 2nd period - Minor Penalty to Michael Matheson for Cross-checking.
16:40 of 2nd period - Claude Giroux wins face-off versus Lucas Raymond in Tampa Bay Lightning zone.
16:57 of 2nd period - Slapshot by Claude Giroux.
16:57 of 2nd period - Stopped by Filip Gustavsson with a rebound.
17:12 of 2nd period - Penalty to Barrett Hayton is over, Barrett Hayton is back on ice.
18:39 of 2nd period - Penalty to Michael Matheson is over, Michael Matheson is back on ice.
18:44 of 2nd period - Slapshot by Travis Konecny.
18:44 of 2nd period - Shot Blocked by Ryan Lindgren.
18:46 of 2nd period - Slapshot by Moritz Seider.
18:46 of 2nd period - Deflect By Dylan Cozens.
18:46 of 2nd period - Shot Misses the Net.
18:46 of 2nd period - Puck is out of play.
18:47 of 2nd period - Matthew Beniers wins face-off versus Roope Hintz in Chicago Black Hawks zone.
18:47 of 2nd period - Matthew Beniers is hit by Dmitry Orlov.
18:57 of 2nd period - Snap shot by Matthew Beniers.
18:57 of 2nd period - Stopped by Darcy Kuemper with a rebound.
18:59 of 2nd period - Slapshot by Jonas Brodin.
18:59 of 2nd period - Stopped by Darcy Kuemper without a rebound.
19:00 of 2nd period - Barrett Hayton wins face-off versus Claude Giroux in Tampa Bay Lightning zone.
19:07 of 2nd period - Wrist shot by Barrett Hayton.
19:07 of 2nd period - Deflect By Simon Holmstrom.
19:07 of 2nd period - Shot Misses the Net.
19:07 of 2nd period - Puck is out of play.
19:08 of 2nd period - Barrett Hayton wins face-off versus Claude Giroux in Tampa Bay Lightning zone.
19:11 of 2nd period - Wrist shot by Barrett Hayton.
19:11 of 2nd period - Goal by Barrett Hayton - Tampa Bay Lightning : 4 - Chicago Black Hawks : 1.
19:12 of 2nd period - Anze Kopitar wins face-off versus Leo Carlsson in neutral zone.
19:15 of 2nd period - Backhand shot by Hampus Lindholm.
19:15 of 2nd period - Stopped by Filip Gustavsson with a rebound.
19:42 of 2nd period - Ryan Lindgren is hit by Claude Giroux.
Goals for this period are 3 for Tampa Bay Lightning vs 1 for Chicago Black Hawks.
Shots for this period are 15 for Tampa Bay Lightning vs 10 for Chicago Black Hawks.

3rd period


0:01 of 3rd period - Roope Hintz wins face-off versus Leo Carlsson in neutral zone.
0:12 of 3rd period - Wrist shot by Lucas Raymond.
0:12 of 3rd period - Stopped by Darcy Kuemper with a rebound.
0:14 of 3rd period - Slapshot by Christopher Tanev.
0:14 of 3rd period - Shot Blocked by Dylan Cozens.
0:16 of 3rd period - Backhand shot by Justin Faulk.
0:16 of 3rd period - Deflect By Dylan Cozens.
0:16 of 3rd period - Stopped by Darcy Kuemper without a rebound.
0:17 of 3rd period - Anze Kopitar wins face-off versus Barrett Hayton in Tampa Bay Lightning zone.
0:43 of 3rd period - Lucas Raymond is hit by Jamie Benn and loses puck.
1:07 of 3rd period - Roope Hintz is hit by Bobby Brink and loses puck.
1:14 of 3rd period - Backhand shot by Matthew Beniers.
1:14 of 3rd period - Shot Misses the Net.
1:16 of 3rd period - Wrist shot by Bobby Brink.
1:16 of 3rd period - Stopped by Darcy Kuemper with a rebound.
1:18 of 3rd period - Wrist shot by Matthew Beniers.
1:18 of 3rd period - Shot Blocked by Travis Konecny.
2:18 of 3rd period - Slapshot by Kirill Kaprizov.
2:18 of 3rd period - Stopped by Filip Gustavsson with a rebound.
2:56 of 3rd period - Slapshot by Moritz Seider.
2:56 of 3rd period - Stopped by Filip Gustavsson with a rebound.
2:58 of 3rd period - Minor Penalty to Noah Cates for Cross-checking.
2:59 of 3rd period - Anze Kopitar wins face-off versus Barrett Hayton in Chicago Black Hawks zone.
3:04 of 3rd period - Wrist shot by Roope Hintz.
3:04 of 3rd period - Deflect By Ryan Lindgren.
3:04 of 3rd period - Shot Blocked by Ryan Lindgren.
3:04 of 3rd period - Puck is out of play.
3:05 of 3rd period - Barrett Hayton wins face-off versus Anze Kopitar in Chicago Black Hawks zone.
3:25 of 3rd period - Minor Penalty to Michael Matheson for Holding.
3:26 of 3rd period - Barrett Hayton wins face-off versus Anze Kopitar in Tampa Bay Lightning zone.
3:35 of 3rd period - Slapshot by Oliver Bjorkstrand.
3:35 of 3rd period - Shot Blocked by Darnell Nurse.
4:03 of 3rd period - Snap shot by Lucas Raymond.
4:03 of 3rd period - Shot Blocked by Claude Giroux.
4:05 of 3rd period - Snap shot by Lucas Raymond.
4:05 of 3rd period - Stopped by Darcy Kuemper without a rebound.
4:06 of 3rd period - Barrett Hayton wins face-off versus Claude Giroux in Tampa Bay Lightning zone.
4:07 of 3rd period - Snap shot by Oliver Bjorkstrand.
4:07 of 3rd period - Shot Blocked by Moritz Seider.
4:09 of 3rd period - Wrist shot by Christopher Tanev.
4:09 of 3rd period - Shot Blocked by Moritz Seider.
4:11 of 3rd period - Snap shot by Oliver Bjorkstrand.
4:11 of 3rd period - Stopped by Darcy Kuemper with a rebound.
4:13 of 3rd period - Slapshot by Justin Faulk.
4:13 of 3rd period - Stopped by Darcy Kuemper with a rebound.
4:15 of 3rd period - Wrist shot by Christopher Tanev.
4:15 of 3rd period - Stopped by Darcy Kuemper with a rebound.
4:17 of 3rd period - Slapshot by Christopher Tanev.
4:17 of 3rd period - Stopped by Darcy Kuemper without a rebound.
4:18 of 3rd period - Anze Kopitar wins face-off versus Lucas Raymond in Tampa Bay Lightning zone.
4:58 of 3rd period - Penalty to Noah Cates is over, Noah Cates is back on ice.
5:01 of 3rd period - Slapshot by Justin Faulk.
5:01 of 3rd period - Shot Misses the Net.
5:07 of 3rd period - Barrett Hayton is hit by Ben Chiarot and loses puck.
5:15 of 3rd period - Icing by Oliver Bjorkstrand.
5:16 of 3rd period - Barrett Hayton wins face-off versus Claude Giroux in Chicago Black Hawks zone.
5:25 of 3rd period - Penalty to Michael Matheson is over, Michael Matheson is back on ice.
6:25 of 3rd period - Snap shot by Oliver Bjorkstrand.
6:25 of 3rd period - Shot Misses the Net.
6:27 of 3rd period - Snap shot by David Jiricek.
6:27 of 3rd period - Stopped by Darcy Kuemper without a rebound.
6:28 of 3rd period - Roope Hintz wins face-off versus Leo Carlsson in Tampa Bay Lightning zone.
6:33 of 3rd period - Snap shot by Dylan Cozens.
6:33 of 3rd period - Shot Blocked by Lucas Raymond.
6:37 of 3rd period - Snap shot by Roope Hintz.
6:37 of 3rd period - Stopped by Filip Gustavsson without a rebound.
6:38 of 3rd period - Roope Hintz wins face-off versus Leo Carlsson in Chicago Black Hawks zone.
6:53 of 3rd period - Wrist shot by Dylan Cozens.
6:53 of 3rd period - Shot Blocked by Leo Carlsson.
6:55 of 3rd period - Slapshot by Roope Hintz.
6:55 of 3rd period - Shot Misses the Net.
6:57 of 3rd period - Snap shot by Roope Hintz.
6:57 of 3rd period - Stopped by Filip Gustavsson without a rebound.
6:58 of 3rd period - Barrett Hayton wins face-off versus Claude Giroux in Chicago Black Hawks zone.
7:35 of 3rd period - Anze Kopitar is hit by Leo Carlsson.
8:23 of 3rd period - Wrist shot by Kirill Kaprizov.
8:23 of 3rd period - Stopped by Filip Gustavsson with a rebound.
9:59 of 3rd period - Wrist shot by Filip Forsberg.
9:59 of 3rd period - Goal by Filip Forsberg - Tampa Bay Lightning : 5 - Chicago Black Hawks : 1.
10:00 of 3rd period - Claude Giroux wins face-off versus Trevor Zegras in neutral zone.
10:17 of 3rd period - Snap shot by Claude Giroux.
10:17 of 3rd period - Stopped by Filip Gustavsson with a rebound.
10:36 of 3rd period - Snap shot by Leo Carlsson.
10:36 of 3rd period - Stopped by Darcy Kuemper with a rebound.
11:32 of 3rd period - Jonas Brodin is hit by Hampus Lindholm and loses puck.
12:41 of 3rd period - Snap shot by Jamie Benn.
12:41 of 3rd period - Deflect By Claude Giroux.
12:41 of 3rd period - Shot Blocked by Barrett Hayton.
12:41 of 3rd period - Puck is out of play.
12:42 of 3rd period - Claude Giroux wins face-off versus Simon Holmstrom in Chicago Black Hawks zone.
12:51 of 3rd period - Snap shot by Trevor Zegras.
12:51 of 3rd period - Stopped by Darcy Kuemper without a rebound.
12:52 of 3rd period - Anze Kopitar wins face-off versus Leo Carlsson in Tampa Bay Lightning zone.
12:56 of 3rd period - Icing by Filip Forsberg.
12:57 of 3rd period - Leo Carlsson wins face-off versus Anze Kopitar in Tampa Bay Lightning zone.
13:46 of 3rd period - Snap shot by Morgan Frost.
13:46 of 3rd period - Shot Misses the Net.
13:48 of 3rd period - Slapshot by Brett Howden.
13:48 of 3rd period - Shot Misses the Net.
14:21 of 3rd period - Minor Penalty to Ben Chiarot for Delaying the game.
14:22 of 3rd period - Leo Carlsson wins face-off versus Anze Kopitar in Tampa Bay Lightning zone.
14:48 of 3rd period - Christopher Tanev is hit by Anze Kopitar and loses puck.
14:55 of 3rd period - Moritz Seider is hit by Noah Dobson and loses puck.
16:21 of 3rd period - Penalty to Ben Chiarot is over, Ben Chiarot is back on ice.
17:48 of 3rd period - Snap shot by Jason Dickinson.
17:48 of 3rd period - Stopped by Filip Gustavsson with a rebound.
17:50 of 3rd period - Snap shot by Trevor Moore.
17:50 of 3rd period - Shot Blocked by Simon Holmstrom.
18:43 of 3rd period - Off-side.
18:44 of 3rd period - Morgan Frost wins face-off versus Jason Dickinson in neutral zone.
18:51 of 3rd period - Moritz Seider is hit by Jonas Brodin and loses puck.
19:12 of 3rd period - Snap shot by Jamie Benn.
19:12 of 3rd period - Shot Misses the Net.
19:14 of 3rd period - Slapshot by Hampus Lindholm.
19:14 of 3rd period - Deflect By Jamie Benn.
19:14 of 3rd period - Stopped by Filip Gustavsson with a rebound.
19:16 of 3rd period - Backhand shot by Kirill Kaprizov.
19:16 of 3rd period - Shot Blocked by Jonas Brodin.
19:38 of 3rd period - Snap shot by Matthew Beniers.
19:38 of 3rd period - Shot Misses the Net.
19:40 of 3rd period - Slapshot by Jonas Brodin.
19:40 of 3rd period - Stopped by Darcy Kuemper without a rebound.
19:41 of 3rd period - Claude Giroux wins face-off versus Oliver Bjorkstrand in Tampa Bay Lightning zone.
19:46 of 3rd period - Slapshot by Kirill Kaprizov.
19:46 of 3rd period - Shot Misses the Net.
Goals for this period are 1 for Tampa Bay Lightning vs 0 for Chicago Black Hawks.
Shots for this period are 9 for Tampa Bay Lightning vs 12 for Chicago Black Hawks.